 Dungeon Crawl Stone Soup version 0.22-a0-223-g0f5d773 (webtiles) character file.

69 RoseArtemis the Poker (level 4, -1/35 HPs)
             Began as a Merfolk Skald on Feb 18, 2018.
             Slain by a gnoll
             ... wielding a +0 flail
              (4 damage)
             ... on level 3 of the Dungeon.
             The game lasted 00:10:47 (2563 turns).

RoseArtemis the Poker (Merfolk Skald)               Turns: 2563, Time: 00:10:48

Health: -1/35      AC:  3    Str: 11    XL:     4   Next: 20%
Magic:  7/8        EV:  6    Int: 13    God:
Gold:   165        SH:  0    Dex: 13    Spells: 4/8 levels left

rFire    . . .     SeeInvis .   a - +0 spear
rCold    . . .     Gourm    .   (no shield)
rNeg     . . .     Faith    .   b - +0 leather armour
rPois    .         Spirit   .   (no helmet)
rElec    .         Reflect  .   (no cloak)
rCorr    .         Harm     .   (no gloves)
MR       .....                  (no boots)
Stlth    +.........             (no amulet)
HPRegen  0.11/turn              i - ring of wizardry
MPRegen  0.11/turn              (no ring)

@: infused, held
A: change form in water, swift swim, stealthy swim
a: no special abilities


You were on level 3 of the Dungeon.
You were not hungry.

You visited 1 branch of the dungeon, and saw 3 of its levels.

You collected 165 gold pieces.

Inventory:

Hand Weapons
 a - a +0 spear (weapon)
Armour
 b - a +0 leather armour (worn)
Jewellery
 i - a ring of wizardry (left hand)
Scrolls
 d - a scroll of teleportation
 f - a scroll of remove curse {unknown}
 g - a scroll of noise {unknown}
 h - a scroll of random uselessness {unknown}
 j - a scroll of amnesia {unknown}
 m - a scroll of fog {unknown}
 n - a scroll of blinking {unknown}
 p - a scroll of enchant armour {unknown}
Potions
 e - 2 potions of curing
 k - a potion of might
 l - a potion of ambrosia {unknown}
Comestibles
 c - 5 rations


   Skills:
 + Level 3.1 Fighting
 + Level 4.2 Polearms
 - Level 0.6 Armour
 - Level 2.6 Dodging
 + Level 2.7 Spellcasting
 * Level 3.6 Charms


You had 4 spell levels left.
You knew the following spells:

 Your Spells              Type           Power        Failure   Level  Hunger
a - Infusion              Chrm           ##..         2%          1    #......
b - Spectral Weapon       Hex/Chrm       #.......     17%         3    ###....


Dungeon Overview and Level Annotations

Branches:
Dungeon (3/15)

Altars:


Message History

An orc comes into view. It is wielding a club.
You hit the gnoll but do no damage. The gnoll completely misses you.
You hit the gnoll but do no damage. You closely miss the gnoll.
The gnoll closely misses you.
You closely miss the gnoll. The gnoll hits you with a flail.
The gnoll hits you with a flail! The gnoll closely misses you.
The gnoll hits you with a flail! The gnoll hits you with a flail.
The gnoll throws a throwing net.
The throwing net hits you.
You become entangled in the net!
You see here a throwing net.
Casting: Infusion (safe; 2% risk of failure)
Confirm with . or Enter, or press ? or * to list all spells.
You begin infusing your attacks with magical energy.
The gnoll hits you with a flail!
* * * LOW HITPOINT WARNING * * *
You are too injured to fight recklessly!
You struggle against the net.
The gnoll barely misses you.
You struggle against the net.
The gnoll hits you with a flail.
You die...

..#............##................
..#............##................
..#............##................
..####.........##...............#
..# #.........##.............#+#
..####.........##................
.......................###.......
................(g.....# #.......
................@g.....##........
...............##########.##.....
...............# ... +.....
<..#...........# )... #..... ...#
###+###### ...... ..g... ...#
#####. .....o ...# ..... .....
.......


You could see 2 gnolls.

Vanquished Creatures
  2 adders
  3 worms (D:2)
  2 dart slugs (D:1)
  2 leopard geckos
  3 ball pythons
  3 bats
  A giant cockroach (D:1)
  2 goblins
  8 hobgoblins
  2 jackals (D:3)
  A frilled lizard (D:1)
  A kobold (D:1)
  6 rats
36 creatures vanquished.

Notes
Turn   | Place    | Note
-------+----------+-------------------------------------------
     0 | D:1      | RoseArtemis the Merfolk Skald began the quest for the Orb.
     0 | D:1      | Reached XP level 1. HP: 16/16 MP: 3/3
   466 | D:1      | Reached XP level 2. HP: 23/23 MP: 5/5
  1313 | D:2      | Reached XP level 3. HP: 14/28 MP: 6/6
  1695 | D:2      | Reached skill level 4 in Polearms
  1746 | D:2      | Learned a level 3 spell: Spectral Weapon
  2350 | D:3      | Reached XP level 4. HP: 24/35 MP: 8/8
  2563 | D:3      | Slain by a gnoll

Vault maps used:
D:1:      kilobyte_arrival_exit_the_forest

Skill      XL: |  1  2  3 |
---------------+----------+-----
Fighting       | 3 |  3.1
Polearms       | 4 |  4.2
Armour         | |  0.6
Dodging        | |  2.6
Spellcasting   | |  2.7
Charms         | |  3.6

Action                   |  1- 3 |  4- 6 || total
-------------------------+-------+-------++-------
Melee: Spear             |   180 |    15 ||   195
 Cast: Infusion          |     4 |     1 ||     5
  Use: Scroll            |     4 |       ||     4
  Eat: Chunk             |     1 |     1 ||     2
       Ration            |     1 |       ||     1
Armor: Leather armour    |    22 |     1 ||    23
Dodge: Dodged            |    85 |    10 ||    95

Table legend:
 A = Spawn XP
 B = Non-spawn XP
 C = Spawn XP percentage of total XP
 D = Spawn monster count
 E = Non-spawn monster count
 F = Spawn count percentage of total count
 G = Total turns spent on level
                    A         B        C        D         E        F      G
               +---------+---------+-------+---------+---------+-------+---------
         Total |       0 |      99 |   0.0 |       0 |      36 |   0.0 |  2563
               +---------+---------+-------+---------+---------+-------+---------
           D:1 |       0 |      30 |   0.0 |       0 |      14 |   0.0 |  1241
           D:2 |       0 |      49 |   0.0 |       0 |      17 |   0.0 |  1098
           D:3 |       0 |      20 |   0.0 |       0 |       5 |   0.0 |   224
               +---------+---------+-------+---------+---------+-------+---------
